 Dungeon Crawl Stone Soup version 0.29.1-15-g9cfb28693d (webtiles) character file.

Game seed: 14520494819017823113

222 joshe the Chopper (level 5, -3/46 HPs)
             Began as a Minotaur Fighter on Mar 15, 2023.
             Killed by nerve-wracking pain
             ... invoked by Grinder
              (9 damage)
             ... on level 3 of the Dungeon.
             The game lasted 00:07:42 (2530 turns).

joshe the Chopper (Minotaur Fighter)                Turns: 2530, Time: 00:07:43

Health: -3/46      AC:  8    Str: 23    XL:     5   Next: 66%
Magic:  4/4        EV:  9    Int:  5    God:
Gold:   15         SH:  4    Dex:  9    Spells: 4/4 levels left

rFire   . . .      SeeInvis .   a - +0 war axe (chaos)
rCold   . . .      Faith    .   c - +0 buckler
rNeg    . . .      Spirit   .   b - +0 scale mail
rPois   .          Reflect  .   (helmet restricted)
rElec   .          Harm     .   (no cloak)
rCorr   .          Rampage  .   (no gloves)
Will    .....                   n - +0 pair of boots
Stlth   ..........              (no amulet)
HPRegen 0.15/turn               (no ring)
MPRegen 0.09/turn               (no ring)

@: no status effects
A: horns 2, retaliatory headbutt
a: no special abilities


You were on level 3 of the Dungeon.
You visited 1 branch of the dungeon, and saw 3 of its levels.

You collected 150 gold pieces.
You spent 135 gold pieces at shops.

Inventory:

Hand Weapons
 a - a +0 war axe of chaos (weapon)
Armour
 b - a +0 scale mail (worn)
 c - a +0 buckler (worn)
 n - a +0 pair of boots (worn)
Wands
 l - a wand of flame (13)
Scrolls
 g - 2 scrolls of immolation
 i - 2 scrolls of identify
Potions
 d - a potion of might
 e - 3 potions of heal wounds {unknown}
 f - 2 potions of curing {unknown}
 h - 3 potions of mutation {unknown}
 m - a potion of ambrosia {unknown}


   Skills:
 + Level 3.7 Fighting
 + Level 7.0 Axes
 + Level 3.8 Armour
 + Level 3.8 Shields


You had 4 spell levels left.
You didn't know any spells.
Your spell library contained the following spells:

 Spells                   Type           Power      Damage    Failure   Level
 Ozocubu's Armour         Ice            0%         N/A       99%         3
 Metabolic Englaciation   Hex/Ice        0%         N/A       100%        5
 Simulacrum               Ice/Necr       0%         N/A       100%        6


Dungeon Overview and Level Annotations

Branches:
Dungeon (3/15)

Altars:

Shops:
D:3 ?

Annotations:
D:3 Grinder


Innate Abilities, Weirdness & Mutations

You have a pair of horns on your head.
You reflexively headbutt those who attack you in melee.


Message History

Something hits you but does no damage.
You hit something. Your headbutt misses something.
You suddenly lose the ability to move!
Something hits you but does no damage. Pain shoots through your body!
Something hits you but does no damage.
You can move again.
You miss something. Something hits you.
You barely miss something. Pain shoots through your body!
You slash something! Something hits you but does no damage.
Unknown command.
You completely miss something. Your headbutt misses something.
Something hits you!
You slash something! Something hits you but does no damage.
Unknown command.
You barely miss something. Something hits you.
You writhe in agony.
Unknown command.
You barely miss something. Something hits you but does no damage.
You hit something but do no damage. Something hits you but does no damage.
Unknown command.
You miss something. Your headbutt misses something.
Something tries to affect you, but you resist.
You suddenly lose the ability to move!
Something hits you.
* * * LOW HITPOINT WARNING * * *
Something hits you.
* * * LOW HITPOINT WARNING * * *
You writhe in agony.
* * * LOW HITPOINT WARNING * * *
Something hits you.
* * * LOW HITPOINT WARNING * * *
Something hits you.
* * * LOW HITPOINT WARNING * * *
You can move again.
You hit something.
Nothing appears to happen.
Something hits you but does no damage.
You miss something. Your headbutt misses something.
Something hits you but does no damage.
You barely miss something. Pain shoots through your body!
You die...

.... #.##..# ....
#<##..# ..... #.##§.#
..... #.# ......#.# ###.
....#.##.....
#.......... #{# ## #@#
.. #.# #..#
######.######.
#..#######.............
.#..#...................
.#..........#...........
....#.#######.##.#######
.#..∩.∩........#...
#)....###.......###


There were no monsters in sight!

Vanquished Creatures
  Natasha (thrice) (D:2)
  4 adders (D:2)
  2 gnolls
  2 worms
  3 dart slugs (D:2)
  4 orcs (D:3)
  2 ball pythons (D:2)
  5 bats
  12 endoplasms
  5 giant cockroaches
  2 goblins (D:2)
  5 hobgoblins
  2 jackals (D:3)
  9 kobolds
  4 quokkas
  3 frilled lizards
  9 rats
76 creatures vanquished.

Notes
Turn   | Place    | Note
-------+----------+-------------------------------------------
     0 | D:1      | joshe the Minotaur Fighter began the quest for the Orb.
     0 | D:1      | Reached XP level 1. HP: 19/19 MP: 0/0
    47 | D:1      | Reached skill level 3 in Axes
    87 | D:1      | Reached XP level 2. HP: 25/26 MP: 1/1
   244 | D:1      | Found a faded altar of an unknown god.
   252 | D:1      | Reached skill level 4 in Axes
   352 | D:1      | Reached XP level 3. HP: 23/31 MP: 2/2
  1232 | D:2      | Reached skill level 5 in Axes
  1277 | D:2      | Reached XP level 4. HP: 39/39 MP: 3/3
  1368 | D:2      | Noticed Natasha
  1375 | D:2      | Killed Natasha
  1387 | D:2      | Noticed Natasha
  1396 | D:2      | Killed Natasha
  1397 | D:2      | Reached skill level 6 in Axes
  1584 | D:2      | Reached XP level 5. HP: 45/45 MP: 4/4
  1688 | D:2      | Noticed Natasha
  1696 | D:2      | Killed Natasha
  2423 | D:3      | Reached skill level 7 in Axes
  2433 | D:3      | Noticed Grinder
  2435 | D:3      | Paralysed by Grinder for 2 turns
  2473 | D:3      | Found Qitaepeo's Magic Scroll Boutique.
  2478 | D:3      | Bought a scroll of identify for 20 gold pieces
  2478 | D:3      | Bought a scroll of brand weapon for 95 gold pieces
  2478 | D:3      | Bought a scroll of identify for 20 gold pieces
  2511 | D:3      | Paralysed by something for 4 turns
  2523 | D:3      | Paralysed by something for 5 turns
  2530 | D:3      | Killed from afar by Grinder

Illustrated notes

Levels and vault maps discovered:
D:1:      roderic_octagonal_star, layout_basic,
          hellmonk_ecumenical_altar_blasted, minmay_cut_off
D:2:      layout_basic, chequers_mini_garden, uniq_natasha
D:3:      layout_basic, serial_shops, nicolae_shop_competitors_out_of_business,
          uniq_grinder, uniq_robin

Skill      XL: |  1  2  3  4  5 |
---------------+----------------+-----
Axes           | 3 4 5 6 7 |  7.0
Fighting       | |  3.7
Armour         | |  3.8
Shields        | |  3.8

Action                   |  1- 3 |  4- 6 || total
-------------------------+-------+-------++-------
Melee: War axe           |    71 |    87 ||   158
       Headbutt          |    12 |    10 ||    22
  Use: Scroll            |       |     4 ||     4
Armor: Scale mail        |    23 |    36 ||    59
Dodge: Dodged            |    30 |    31 ||    61
Block: Buckler           |    20 |    16 ||    36
